Map: Frozen Temple

Players

Overman

  • Race: Zerg Zerg
  • League: Platinum

blackxored - Winner!

  • Race: Zerg Zerg
  • League: Platinum

VOD

Have the link to the VOD?

Description

Time

  • Played on: June 29, 2016, 6:28 p.m.
  • Length: 6:29
Show
View Real Time Build Order
Export as new Build Order

Overman Zerg 

Build Orders: Pool First 

Get SALT Encoding   

  12  0:20  Spawning Pool  
  11  0:22  Drone  
  11  0:26  Drone  
  13  0:33  Drone  
  14  0:40  Overlord  
  14  1:07  Zergling x6  
  14  1:08  Queen  
  19  1:19  Zergling x2  
  20  1:29  Zergling x2  
  21  1:38  Hatchery  
  20  1:42  Zergling x2  
  21  1:51  Zergling x2  
  22  2:07  Overlord  
  22  2:21  Overlord  
  22  2:32  Drone x3  
  25  2:42  Spine Crawler  
  25  2:43  Extractor  
  23  2:49  Drone  
  24  2:54  Drone x2  
  24  2:56  Queen  
  28  3:10  Drone x2  
  28  3:11  Drone  
  31  3:15  Drone  
  31  3:18  Drone, Spine Crawler  
  32  3:31  Queen  
  34  3:44  Drone  
  34  3:45  Zergling x2, Drone x3  
  39  4:12  Roach Warren  
  39  4:15  Overlord x2  
  38  4:18  Lair  
  38  4:20  Extractor  
  37  4:31  Zergling x10  
  33  4:44  Zergling x4  
  33  4:45  Zergling x4  
  28  5:03  Drone x4  
  31  5:22  Evolution Chamber  
  30  5:29  Zergling x10  
  33  5:46  Roach Warren  
  31  5:51  Drone x2  
  33  6:02  Drone x3  
Show
View Real Time Build Order
Export as new Build Order

blackxored Zerg - Winner!

Build Orders: Hatch First, Zergling Baneling 

Get SALT Encoding   

  12  0:01  Drone  
  13  0:09  Drone  
  14  0:19  Overlord  
  14  0:23  Extractor  
  14  0:24  Drone  
  15  0:39  Drone x2  
  17  0:55  Hatchery  
  16  1:00  Drone  
  16  1:03  Drone  
  18  1:19  Spawning Pool  
  18  1:20  Extractor  
  18  1:21  Drone  
  18  1:23  Drone  
  18  1:27  Drone  
  19  1:38  Drone  
  20  1:51  Overlord  
  20  2:07  Spine Crawler  
  19  2:09  Zergling x4  
  19  2:10  Baneling Nest, Queen  
  24  2:18  Zergling x2  
  24  2:22  Zergling x4  
  25  2:39  Zergling x2  
  25  2:42  Metabolic Boost  
  26  2:46  Queen  
  28  2:52  Zergling x2  
  29  3:01  Baneling x2  
  29  3:05  Hatchery  
  29  3:09  Zergling x2  
  29  3:11  Zergling x2  
  30  3:20  Overlord  
  30  3:40  Zergling x6  
  33  3:48  Zergling x2  
  33  3:55  Zergling x6  
  37  4:06  Baneling x4  
  37  4:07  Baneling x3  
  37  4:10  Zergling x2  
  37  4:13  Overlord  
  30  4:31  Zergling x2  
  30  4:32  Zergling x10  
  32  4:40  Zergling x2  
  31  4:45  Drone  
  31  4:54  Zergling x2  
  31  4:55  Zergling x2  
  35  5:06  Baneling x3  
  33  5:07  Zergling x4  
  35  5:15  Zergling x4  
  37  5:23  Zergling x2  
  37  5:31  Zergling x4  
  37  5:32  Zergling x8  
  37  5:37  Zergling x2  
  35  5:43  Baneling x2  
  35  5:44  Zergling x2, Baneling  
  36  5:50  Zergling x4  
  36  5:55  Zergling x2  
  36  5:56  Zergling x2  
  40  6:02  Zergling x2  
Tags
 
Add a new tag
Caveats
  • Supply blocks, unpowered buildings, or Contaminate may cause inaccurate times.
  • Supply counts are checked every 10 seconds.